 Dungeon Crawl Stone Soup version 0.22-a0-618-gd6a3efe (webtiles) character file.

3249 sking99 the Fighter (level 9, 0/100 (101) HPs)
             Began as an Ogre Transmuter on July 13, 2018.
             Was an Initiate of Gozag.
             Slain by a slave (5 damage)
             ... led by Pikel
             ... while paralysed by Pikel
             ... on level 7 of the Dungeon.
             The game lasted 00:21:17 (10178 turns).

sking99 the Fighter (Ogre Transmuter)              Turns: 10178, Time: 00:21:18

HP:   0/100 (101)   AC:  2    Str: 16    XL:     9   Next: 99%
MP:   11/12         EV:  5    Int: 14    God:    Gozag
Gold: 402           SH:  0    Dex: 17    Spells: 6/12 levels left

rFire    . . .     SeeInvis .     - Unarmed
rCold    . . .     Gourm    .   (shield currently unavailable)
rNeg     . . .     Faith    .   (armour currently unavailable)
rPois    x         Spirit   .   (helmet currently unavailable)
rElec    .         Reflect  .   (cloak currently unavailable)
rCorr    .         Harm     .   (gloves unavailable)
MR       .....                  (boots unavailable)
Stlth    +++.......             (no amulet)
HPRegen  0.26/turn              i - ring of stealth
MPRegen  0.13/turn              (no ring)

@: paralysed, spider-form (expiring), gold aura
A: tiny, unfitting armour
a: End Transformation, Potion Petition, Call Merchant, Bribe Branch, Renounce
Religion


You were on level 7 of the Dungeon.
You worshipped Gozag.
Gozag was aware of your devotion.
You were not hungry.
You were a venomous arachnid creature.
You visited 2 branches of the dungeon, and saw 9 of its levels.

You collected 517 gold pieces.
You paid 115 gold pieces to Gozag.

Inventory:

Missiles
 a - 93 arrows (quivered)
Armour
 m - the +1 robe of Moral Flaws (melded) {rPois Dex+2}
   (You found it on level 4 of the Dungeon)

   It affects your dexterity (+2).
   It protects you from poison.
 w - a +1 cloak (melded)
Jewellery
 i - a ring of stealth (left front leg)
 A - an uncursed amulet of guardian spirit {unknown}
Wands
 z - a wand of iceblast (13)
 D - a wand of polymorph (13)
Scrolls
 b - a scroll of summoning {unknown}
 f - a scroll of amnesia
 h - 2 scrolls of blinking
 n - 5 scrolls of remove curse
 r - 2 scrolls of enchant armour
 s - 5 scrolls of identify
 v - a scroll of enchant weapon
 y - a scroll of teleportation {unknown}
 B - a scroll of magic mapping
Potions
 c - 2 potions of degeneration {unknown}
 e - a potion of lignification {unknown}
 g - 4 potions of flight
 j - 2 potions of brilliance
 k - a potion of haste
 l - 2 potions of heal wounds
 o - 2 potions of cancellation
 p - a potion of might
 q - 6 potions of curing
 t - 2 potions of ambrosia {unknown}
 u - a potion of experience {unknown}
 x - 3 potions of mutation {unknown}
 C - a potion of resistance {unknown}
Comestibles
 d - 16 rations


   Skills:
 + Level 9.9 Fighting
 + Level 6.9 Dodging
 * Level 6.8 Unarmed Combat
 - Level 2.4 Spellcasting
 - Level 5.0 Transmutations
 - Level 1.3 Poison Magic


You had 6 spell levels left.
You knew the following spells:

 Your Spells              Type           Power        Failure   Level  Hunger
a - Beastly Appendage     Tmut           ###...       11%         1    #......
b - Sticks to Snakes      Tmut           ###.....     13%         2    ###....
c - Spider Form           Tmut/Pois      ##........   38%         3    ###....

Your spell library contained the following spells:

 Spells                   Type           Power        Failure   Level  Hunger
 Throw Frost              Conj/Ice       #.....       56%         2    ###....
 Freeze                   Ice            #...         43%         1    #......
 Summon Ice Beast         Ice/Summ       #.......     98%         4    #####..
 Ozocubu's Armour         Chrm/Ice       #.......     77%         3    ###....
 Blade Hands              Tmut           ###.......   82%         5    ######.
 Ice Form                 Ice/Tmut       #.......     82%         4    #####..
 Throw Icicle             Conj/Ice       #.......     98%         4    #####..


Dungeon Overview and Level Annotations

Branches:
Dungeon (8/15)             Temple (1/1) D:7
   Lair: D:8-11

Altars:
Ashenzari
Cheibriados
Dithmenos
Elyvilon
Gozag
Hepliaklqana
Kikubaaqudgha
Makhleb
Okawaru
Qazlal
Ru
Sif Muna
Trog
Uskayaw
Vehumet
Wu Jian
Xom
Yredelemnul
Zin

Annotations:
D:7 Pikel


Innate Abilities, Weirdness & Mutations

You are too large for most types of armour.
((You have tough skin. (AC +1)))


Message History

You suddenly lose the ability to move!
The slave barely misses you.
Your transformation is almost over.
The orc priest casts a cantrip, but nothing happens.
The orc hits you with a mace!
* * * LOW HITPOINT WARNING * * *
Pikel hits you but does no damage. The slave hits you.
* * * LOW HITPOINT WARNING * * *
The orc priest looks braver for a moment.
Pikel hits you with a whip of electrocution.
* * * LOW HITPOINT WARNING * * *
The orc hits you with a mace!
* * * LOW HITPOINT WARNING * * *
The slave hits you!
* * * LOW HITPOINT WARNING * * *
You kill the orc priest!
Pikel hits you with a whip of electrocution.
* * * LOW HITPOINT WARNING * * *
The slave hits you.
You die...
Your body crumbles into a pile of gold.

.#
###.##+###########
#. ## #........# #.
#........# #.
##.......# #.
#.......# ##
#.......# #
#.......############
#.o.$.......##......
##ps###.....##......
##K# #.....##......
#.# #.....##......
#.# #.....##......
#.# #.....##......
#.# #.....##......
#.# #.....##......
#.# #.....########
#.# #.....# #


You could see Pikel, a slave and an orc.

Vanquished Creatures
  Eustachio (D:4)
  4 sky beasts
  A necrophage (D:7)
  2 ice beasts
  A phantom (D:8)
  An orc warrior (D:7)
  A slave (D:7)
  5 ogres
  3 centaurs
  Blork the orc (D:5)
  A gnoll sergeant (D:6)
  3 bullfrogs
  A scorpion (D:5)
  A centaur zombie (D:6)
  2 bullfrog zombies
  9 crimson imps
  A jelly (D:4)
  2 orc priests
  2 hounds
  A gnoll shaman (D:4)
  2 orc wizards (D:8)
  A bullfrog skeleton (D:4)
  4 iguanas
  4 worker ants
  A hound zombie (D:7)
  22 gnolls
  3 adders
  2 adder zombies (D:5)
  An adder skeleton (D:4)
  2 worms
  3 dart slugs
  2 leopard geckos
  20 orcs
  9 giant cockroaches
  4 goblins
  10 hobgoblins
  5 jackals
  5 quokkas
  3 ball pythons
  2 bats
  4 frilled lizards
  10 kobolds
  6 rats
  A fungus (D:5)
169 creatures vanquished.

Vanquished Creatures (collateral kills)
  Crazy Yiuf (D:5)
  An adder (D:2)
  A frilled lizard (D:2)
3 creatures vanquished.

Grand Total: 172 creatures vanquished

Notes
Turn   | Place    | Note
-------+----------+-------------------------------------------
     0 | D:1      | sking99 the Ogre Transmuter began the quest for the Orb.
     0 | D:1      | Reached XP level 1. HP: 19/19 MP: 3/3
   302 | D:1      | Reached XP level 2. HP: 27/28 MP: 5/5
   352 | D:1      | Reached skill level 2 in Fighting
   985 | D:1      | Learned a level 2 spell: Sticks to Snakes
  1084 | D:2      | Reached XP level 3. HP: 29/36 MP: 6/6
  1734 | D:2      | Learned a level 3 spell: Spider Form
  2229 | D:3      | Reached XP level 4. HP: 42/44 MP: 5/7
  2244 | D:3      | Reached skill level 3 in Fighting
  2921 | D:3      | Found a stormy altar of Qazlal.
  3281 | D:4      | Noticed an ogre
  3304 | D:4      | Killed an ogre
  3304 | D:4      | Reached skill level 1 in Poison Magic
  3304 | D:4      | Reached XP level 5. HP: 26/53 MP: 2/8
  3484 | D:4      | Got a crude robe
  3495 | D:4      | Identified the +1 robe of Moral Flaws {rPois Dex+2} (You found it on level 4 of the Dungeon)
  3688 | D:4      | Reached XP level 6. HP: 46/61 MP: 9/9
  3975 | D:4      | Found a shimmering altar of Xom.
  3983 | D:4      | Found a bloodstained altar of Trog.
  4341 | D:4      | Reached skill level 5 in Unarmed Combat
  4454 | D:4      | Noticed Eustachio
  4480 | D:4      | Killed Eustachio
  4480 | D:4      | Reached XP level 7. HP: 24/67 MP: 5/10
  5024 | D:5      | Entered Level 5 of the Dungeon
  5231 | D:4      | HP: 3/67 [ogre/giant club (13)]
  5696 | D:5      | Reached skill level 4 in Fighting
  5760 | D:5      | Reached XP level 8. HP: 61/79 MP: 7/11
  5878 | D:5      | Reached skill level 5 in Fighting
  6003 | D:5      | Found a white marble altar of Elyvilon.
  6034 | D:5      | Became a worshipper of Elyvilon the Healer
  6161 | D:5      | Reached skill level 6 in Fighting
  6468 | D:5      | Noticed Blork the orc
  6478 | D:5      | Killed Blork the orc
  6478 | D:5      | Reached skill level 7 in Fighting
  6908 | D:5      | Found a runed door.
  6912 | D:5      | Noticed Crazy Yiuf
  6918 | D:5      | Killed Crazy Yiuf
  6997 | D:6      | Reached skill level 5 in Dodging
  7370 | D:6      | Reached XP level 9. HP: 90/96 MP: 12/12
  7396 | D:6      | Reached * piety under Elyvilon
  7484 | D:6      | Reached skill level 8 in Fighting
  8270 | D:7      | Found a hide-covered altar of Uskayaw.
  8988 | D:7      | Reached skill level 9 in Fighting
  9042 | D:7      | Found a staircase to the Ecumenical Temple.
  9061 | Temple   | Entered the Ecumenical Temple
  9061 | Temple   | Reached ** piety under Elyvilon
  9361 | Temple   | Fell from the grace of Elyvilon
  9361 | Temple   | Became a worshipper of Gozag Ym Sagoz the Greedy
  9700 | D:7      | Reached skill level 5 in Transmutations
  9922 | D:8      | Noticed Pikel
 10175 | D:7      | Paralysed by Pikel for 5 turns
 10178 | D:7      | HP: 5/100 [Pikel/whip of electrocution (1)]
 10178 | D:7      | Slain by a slave

Vault maps used:
D:1:      dpeg_arrival_lava_altar
D:2:      wad_crossroads
D:3:      grunt_qazlal_sundering, minmay_misc_feat_ornament,
          minmay_stone_trees_small
D:4:      wad_river_or_something, lemuel_doored_altar, interstate_on_off,
          corexii_checkpoint_a, trog_three_pillars_becter, uniq_eustachio
D:5:      first_ration, basic_altar, minmay_misc_feat_tower,
          uniq_crazy_yiuf_cottage, uniq_blork_the_orc
D:7:      old_standard_altar, temple_hall
D:8:      kennysheep_little_box, grunt_livestock, uniq_pikel
Temple:   minmay_temple_bridge_d

Skill      XL: |  1  2  3  4  5  6  7  8  9 |
---------------+----------------------------+-----
Unarmed Combat | 3 4 5 6 |  6.8
Fighting       | 2 3 4 7 9 |  9.9
Transmutations | 2 4 5 |  5.0
Poison Magic   | 1 |  1.3
Dodging        | 3 5 6 |  6.9
Spellcasting   | |  2.4

Action                   |  1- 3 |  4- 6 |  7- 9 || total
-------------------------+-------+-------+-------++-------
Melee: Unarmed           |   153 |   152 |   491 ||   796
       Punch             |     2 |     3 |     5 ||    10
       Kick              |       |     8 |       ||     8
       Headbutt          |       |     1 |       ||     1
 Cast: Beastly Appendage |     1 |     4 |       ||     5
       Sticks to Snakes  |     1 |     3 |     2 ||     6
       Spider Form       |       |     5 |    34 ||    39
  Use: Scroll            |       |     8 |     5 ||    13
 Stab: Sleeping          |       |       |     4 ||     4
  Eat: Chunk             |     4 |     8 |    20 ||    32
       Ration            |       |       |     2 ||     2
Armor: Robe              |    34 |    22 |    49 ||   105
       Skin              |       |     5 |     8 ||    13
Dodge: Dodged            |    98 |   101 |   402 ||   601

Table legend:
 A = Spawn XP
 B = Non-spawn XP
 C = Spawn XP percentage of total XP
 D = Spawn monster count
 E = Non-spawn monster count
 F = Spawn count percentage of total count
 G = Total turns spent on level
                    A         B        C        D         E        F      G
               +---------+---------+-------+---------+---------+-------+---------
         Total |       0 |    4642 |   0.0 |       0 |     170 |   0.0 | 10178
               +---------+---------+-------+---------+---------+-------+---------
           D:1 |       0 |      31 |   0.0 |       0 |      18 |   0.0 |   986
           D:2 |       0 |      49 |   0.0 |       0 |      21 |   0.0 |  1225
           D:3 |       0 |      31 |   0.0 |       0 |       9 |   0.0 |   990
           D:4 |       0 |     873 |   0.0 |       0 |      27 |   0.0 |  2423
           D:5 |       0 |    1179 |   0.0 |       0 |      31 |   0.0 |  1594
           D:6 |       0 |     568 |   0.0 |       0 |      17 |   0.0 |   982
           D:7 |       0 |     878 |   0.0 |       0 |      22 |   0.0 |  1364
           D:8 |       0 |    1033 |   0.0 |       0 |      25 |   0.0 |   242
               +---------+---------+-------+---------+---------+-------+---------
